 Dungeon Crawl Stone Soup version 0.31.0-11-ge490571c62 (webtiles) character file.

Game seed: 7677324174313105967

727 monsoonserge the Ruffian (level 7, -1/79 HPs)
             Began as a Gnoll Shapeshifter on Feb 9, 2024.
             Was an Initiate of Wu Jian.
             Slain by a white imp (4 damage)
             ... on level 5 of the Dungeon.
             The game lasted 00:10:26 (3229 turns).

monsoonserge the Ruffian (Gnoll Shapeshifter)       Turns: 3229, Time: 00:10:27

Health: -1/79      AC: 23    Str: 21    XL:     7   Next: 72%
Magic:  11/11      EV:  2    Int:  9    God:    Wu Jian [......]
Gold:   177        SH:  0    Dex: 12    Spells: 11/11 levels left

rFire   . .          .
                       - Unarmed
rCold   . . .        (no shield)
rNeg    . . .        a - melded +0 animal skin
rPois   +            n - melded +2 helmet
rElec   .            (cloak currently unavailable)
rCorr   .            s - melded +0 pair of gloves
SInv    .            h - melded +0 pair of boots
Will    .....        i - amulet of magic regeneration
Stlth   ++           y - +6 ring of strength
HPRegen 0.33/turn    (no ring)
MPRegen 0.52/turn

%: no passive effects
@: tree-form
A: stationary, stasis, torment immunity, boosted hp, (fangs 1), strong nose,
distributed training
a: Renounce Religion


You were on level 5 of the Dungeon.
You worshipped Wu Jian.
Wu Jian was noncommittal.
You were a tree.
You visited 2 branches of the dungeon, and saw 6 of its levels.

You collected 177 gold pieces.

Inventory:

Hand Weapons
 z - a +0 arbalest
Missiles
 f - 21 poisoned darts (quivered)
 l - 6 boomerangs
 x - 2 javelins
Armour
 a - a +0 animal skin (melded)
 h - a +0 pair of boots (melded)
 n - a +2 helmet (melded)
 s - a +0 pair of gloves (melded)
Jewellery
 i - an amulet of magic regeneration (around neck)
 y - a +6 ring of strength (left branch)
Talismans
 c - a beast talisman
 d - a flux talisman (active)
Scrolls
 e - 2 scrolls of poison {unknown}
 j - 6 scrolls of identify {unknown}
 k - a scroll of enchant armour {unknown}
 m - 2 scrolls of enchant weapon {unknown}
 o - a scroll of torment {unknown}
 q - 3 scrolls of blinking {unknown}
 t - a scroll of revelation {unknown}
 u - a scroll of silence {unknown}
 v - 3 scrolls of amnesia {unknown}
 w - 2 scrolls of teleportation {unknown}
Potions
 b - 2 potions of lignification
 g - a potion of degeneration {unknown}
 p - 2 potions of haste {unknown}
 r - 4 potions of curing {unknown}


   Skills:
 + Level 3.8 Fighting
 + Level 2.8 Short Blades
 + Level 2.8 Long Blades
 + Level 2.8 Axes
 + Level 2.8 Maces & Flails
 + Level 2.8 Polearms
 + Level 2.8 Staves
 + Level 2.8 Ranged Weapons
 + Level 2.8 Throwing
 + Level 2.8 Armour
 + Level 5.4 Dodging
 + Level 2.8 Stealth
 + Level 2.8 Shields
 + Level 7.1 Unarmed Combat
 + Level 2.8 Spellcasting
 + Level 2.2 Conjurations
 + Level 2.2 Hexes
 + Level 2.2 Summonings
 + Level 2.2 Necromancy
 + Level 2.2 Translocations
 + Level 2.2 Fire Magic
 + Level 2.2 Ice Magic
 + Level 2.2 Air Magic
 + Level 2.2 Earth Magic
 + Level 2.2 Alchemy
 + Level 3.1 Invocations
 + Level 2.8 Evocations
 + Level 7.0 Shapeshifting


You had 11 spell levels left.
You didn't know any spells.
Your spell library was empty.

Dungeon Overview and Level Annotations

Branches:
Dungeon (5/15)             Temple (1/1) D:5

Altars:
Cheibriados
Dithmenos
Fedhas
Gozag
Hepliaklqana
Kikubaaqudgha
Makhleb
Nemelex Xobeh
Okawaru
Qazlal
Ru
Sif Muna
Trog
Uskayaw
Vehumet
Wu Jian
Xom
Yredelemnul
Zin
The Shining One


Innate Abilities, Weirdness & Mutations

You are a tree.
Your roots penetrate the ground, keeping you stationary.
You cannot be teleported.
You are immune to unholy pain and torment.
Your maximum health is greatly increased.
Your equipment is partially melded.
((You have very sharp teeth.))
Your uncanny sense of smell can sniff out nearby items.
Your experience applies equally to all skills.


Message History

You are too injured to fight recklessly!
Your transformation has ended.
Your +0 animal skin unmelds from your body.
You turn into a tree.
Your +2 helmet melds into your body.
Your +0 pair of gloves melds into your body.
Your +0 pair of boots melds into your body.
Your +0 animal skin melds into your body.
Your roots penetrate the ground.
You feel sick. The hound bites you but does no damage.
The scorpion stings you but does no damage.
You smack the scorpion!
You kill the scorpion!
The Council accepts your kill.
You feel sick. The hound bites you.
* * * LOW HITPOINT WARNING * * *
The hound bites you but does no damage.
You closely miss the hound.
The hound is moderately wounded.
You feel sick.
The hound stops glowing.
The hound bites you but does no damage. The white imp gestures at you.
The puff of frost hits you!
* * * LOW HITPOINT WARNING * * *
You closely miss the hound.
The hound is moderately wounded.
You feel sick. The hound bites you but does no damage.
The white imp hits you but does no damage.
You closely miss the hound. You punch the hound.
The hound is heavily wounded.
The hound bites you but does no damage. The white imp barely misses you.
You hit the hound.
The hound is heavily wounded.
You feel sick.
You are no longer poisoned.
The hound bites you but does no damage. x2
You miss the hound.
The hound is heavily wounded.
The white imp hits you.
* * * LOW HITPOINT WARNING * * *
The white imp freezes you.
You die...

###....##.# #...##
..........####....#
.....####...##....## #
#..### #...##.....# ..
...# .#.......# ... ...#
#.....#....# ∆ .... ...#
#..........# .....
.#..............##......
.#..............♣h......
................#5.....#
.##....................#
## .####.##....#.#..##..
###...#.####..# .
#....... #..# .)####.
.... ...


You could see a hound and a white imp.

Vanquished Creatures
  A shadow (D:5)
  2 phantoms
  2 scorpions
  3 jellies
  2 iguanas
  An orc wizard (D:5)
  3 adders
  2 ufetubi (D:5)
  4 dart slugs
  2 ribbon worms
  6 orcs
  7 ball pythons
  15 endoplasms
  A giant cockroach (D:4)
  8 goblins
  9 hobgoblins
  4 jackals (D:4)
  4 quokkas
  3 bats (D:1)
  14 kobolds
  5 rats
98 creatures vanquished.

Notes
Turn   | Place    | Note
-------+----------+-------------------------------------------
     0 | D:1      | monsoonserge the Gnoll Shapeshifter began the quest for the
                  | Orb.
     0 | D:1      | Reached XP level 1. HP: 17/17 MP: 1/1
   132 | D:1      | Reached XP level 2. HP: 19/23 MP: 2/2
   519 | D:1      | Found a faded altar of an unknown god.
   725 | D:1      | Reached XP level 3. HP: 26/28 MP: 3/3
  1209 | D:2      | Reached skill level 1 in Invocations
  1525 | D:3      | Reached skill level 1 in Short Blades
  1525 | D:3      | Reached skill level 1 in Long Blades
  1525 | D:3      | Reached skill level 1 in Axes
  1525 | D:3      | Reached skill level 1 in Maces & Flails
  1525 | D:3      | Reached skill level 1 in Polearms
  1525 | D:3      | Reached skill level 1 in Staves
  1525 | D:3      | Reached skill level 1 in Ranged Weapons
  1525 | D:3      | Reached skill level 1 in Throwing
  1525 | D:3      | Reached skill level 1 in Armour
  1525 | D:3      | Reached skill level 1 in Stealth
  1525 | D:3      | Reached skill level 1 in Shields
  1525 | D:3      | Reached skill level 1 in Spellcasting
  1525 | D:3      | Reached skill level 1 in Evocations
  1572 | D:3      | Reached XP level 4. HP: 32/34 MP: 5/5
  1593 | D:3      | Found an ancient bone altar of Kikubaaqudgha.
  1593 | D:3      | Found a bloodstained altar of Trog.
  1593 | D:3      | Found a bloodstained altar of Trog.
  1593 | D:3      | Found a hide-covered altar of Uskayaw.
  1593 | D:3      | Found an ancient bone altar of Kikubaaqudgha.
  1593 | D:3      | Found a basalt altar of Yredelemnul.
  1603 | D:3      | Reached skill level 1 in Conjurations
  1603 | D:3      | Reached skill level 1 in Hexes
  1603 | D:3      | Reached skill level 1 in Summonings
  1603 | D:3      | Reached skill level 1 in Necromancy
  1603 | D:3      | Reached skill level 1 in Translocations
  1603 | D:3      | Reached skill level 1 in Fire Magic
  1603 | D:3      | Reached skill level 1 in Ice Magic
  1603 | D:3      | Reached skill level 1 in Air Magic
  1603 | D:3      | Reached skill level 1 in Earth Magic
  1603 | D:3      | Reached skill level 1 in Alchemy
  1607 | D:3      | Reached XP level 5. HP: 15/40 MP: 5/7
  2332 | D:4      | Noticed a phantom
  2365 | D:4      | Found a glowing golden altar of the Shining One.
  2377 | D:4      | Killed a phantom
  2378 | D:4      | Reached skill level 5 in Dodging
  2378 | D:4      | Reached XP level 6. HP: 31/47 MP: 7/9
  2919 | D:5      | Entered Level 5 of the Dungeon
  3023 | D:5      | Noticed a shadow
  3036 | D:5      | Killed a shadow
  3037 | D:5      | Reached XP level 7. HP: 37/53 MP: 10/10
  3106 | D:5      | Found a staircase to the Ecumenical Temple.
  3111 | Temple   | Entered the Ecumenical Temple
  3120 | Temple   | Became a worshipper of the Wu Jian Council
  3229 | D:5      | HP: 3/79 [white imp (2)]
  3229 | D:5      | Slain by a white imp

Illustrated notes

Levels and vault maps discovered:
D:1:      dpeg_arrival_arbitrary_b, layout_basic,
          dreamdust_ecumenical_altar_hidden_monk_grotto
D:2:      layout_rooms
D:3:      cheibrodos_fertilizer, layout_rooms, chequers_garden
D:4:      layout_rooms, mainiacjoe_overflow_catwalk
D:5:      layout_cave_pools, elyvilon_altar_3, minmay_temple_entry_nine_rooms,
          hangedman_abyss_or_decor_lesser_grid
Temple:   nicolae_temple_two_arcs

Skill      XL: |  1  2  3  4  5  6  7 |
---------------+----------------------+-----
Invocations    | 1 2 3 |  3.1
Short Blades   | 1 2 |  2.8
Long Blades    | 1 2 |  2.8
Axes           | 1 2 |  2.8
Maces & Flails | 1 2 |  2.8
Polearms       | 1 2 |  2.8
Staves         | 1 2 |  2.8
Ranged Weapons | 1 2 |  2.8
Throwing       | 1 2 |  2.8
Armour         | 1 2 |  2.8
Stealth        | 1 2 |  2.8
Shields        | 1 2 |  2.8
Spellcasting   | 1 2 |  2.8
Evocations     | 1 2 |  2.8
Conjurations   | 1 2 |  2.2
Hexes          | 1 2 |  2.2
Summonings     | 1 2 |  2.2
Necromancy     | 1 2 |  2.2
Translocations | 1 2 |  2.2
Fire Magic     | 1 2 |  2.2
Ice Magic      | 1 2 |  2.2
Air Magic      | 1 2 |  2.2
Earth Magic    | 1 2 |  2.2
Alchemy        | 1 2 |  2.2
Fighting       | 3 |  3.8
Dodging        | 5 |  5.4
Unarmed Combat | 7 |  7.1
Shapeshifting  | 7 |  7.0

Action                     |  1- 3 |  4- 6 |  7- 9 || total
---------------------------+-------+-------+-------++-------
  Melee: Unarmed           |   107 |   158 |    25 ||   290
         Bite              |    11 |    23 |     3 ||    37
         Punch             |       |       |     1 ||     1
Ability: Lunge             |       |       |     1 ||     1
    Use: Potion            |       |     1 |     1 ||     2
 Armour: Skin              |    22 |    49 |    25 ||    96
  Dodge: Dodged            |    87 |   100 |    22 ||   209
   Form: Flux              |     1 |       |       ||     1
